 Dungeon Crawl Stone Soup version 0.25-a0-829-g4e6a552925 (webtiles) character file.

Game seed: 9265271167773347051, levelgen mode: deterministic

1031 sanka the Frost Mage (level 8, -26/52 HPs)
             Began as a Barachi Ice Elementalist on Apr 21, 2020.
             Annihilated by a two-headed ogre
             ... wielding a +0 giant spiked club
              (31 damage)
             ... on level 6 of the Dungeon.
             The game lasted 00:13:59 (4699 turns).

sanka the Frost Mage (Barachi Ice Elementalist)     Turns: 4699, Time: 00:14:00

Health: -26/52     AC: 10    Str:  9    XL:     8   Next: 23%
Magic:  3/16       EV: 12    Int: 17    God:
Gold:   252        SH:  0    Dex: 14    Spells: 7/18 levels left

rFire    . . .     SeeInvis .   b - +2 hunting sling (flame)
rCold    . . .     Gourm    .   (no shield)
rNeg     . . .     Faith    .   s - +0 robe
rPois    .         Spirit   .   u - +0 hat
rElec    .         Reflect  .   (no cloak)
rCorr    .         Harm     .   D - -1 pair of gloves (curse)
MR       .....                  (no boots)
Stlth    ++++......             o - amulet of magic regeneration
HPRegen  0.17/turn              i - +2 ring of protection
MPRegen  0.40/turn              B - ring of Shadows {Umbra +Inv Stlth+}

@: icy armour, frozen ramparts, wreathed by umbra, lightly drained, slow
A: +LOS, swims, slowness 1, strong legs 1
a: Hop, Evoke Invisibility


You were on level 6 of the Dungeon.
You were hungry.

You visited 1 branch of the dungeon, and saw 7 of its levels.

You collected 252 gold pieces.


Innate Abilities, Weirdness & Mutations

You can be seen from farther away. (+LOS)
You can swim through water.
You cover ground slowly.
You can hop short distances.


   Skills:
 - Level 2.1(2.0) Dodging
 - Level 1.7(1.6) Stealth
 + Level 5.7(5.5) Spellcasting
 - Level 3.0(2.8) Summonings
 * Level 9.8(9.6) Ice Magic


You had 7 spell levels left.
You knew the following spells:

 Your Spells              Type           Power        Failure   Level  Hunger
a - Ozocubu's Armour      Chrm/Ice       ###.....     5%          3    ##.....
x - Summon Ice Beast      Ice/Summ       ####....     11%         4    ####...
y - Frozen Ramparts       Ice            #####.       1%          3    ##.....
z - Freeze                Ice            ####         1%          1    None

Your spell library contained the following spells:

 Spells                   Type           Power        Failure   Level  Hunger
 Summon Small Mammal      Summ           ##..         4%          1    None
 Animate Skeleton         Necr           N/A          14%         1    None
 Apportation              Tloc           #.....       14%         1    None
 Corona                   Hex            #......      14%         1    None
 Hailstorm                Conj/Ice       ###.....     19%         4    ####...

Inventory:

Hand Weapons
 a - a +2 dagger of venom
 b - a +2 hunting sling of flaming (weapon)
 t - a +0 rapier
 A - a +1 vorpal hunting sling
Missiles
 e - 242 stones (quivered)
 l - 2 throwing nets {=f}
Armour
 s - a +0 robe (worn)
 u - a +0 hat (worn)
 D - a cursed -1 pair of gloves (worn)
Jewellery
 i - a +2 ring of protection (left hand)
 m - a +4 ring of dexterity
 o - an amulet of magic regeneration (around neck)
 B - the ring of Shadows (right hand) {Umbra +Inv Stlth+}

   [ring of stealth]

   It lets you turn invisible.
   It makes you more stealthy.
Wands
 d - a wand of acid (19)
 q - a wand of iceblast (6)
 w - a wand of digging (9)
 y - a wand of polymorph (6)
Scrolls
 g - 3 scrolls of remove curse {unknown}
 h - 4 scrolls of identify {unknown}
 k - a scroll of enchant weapon {unknown}
 z - 2 scrolls of immolation {unknown}
 C - a scroll of amnesia {unknown}
 F - a scroll of teleportation {unknown}
Potions
 f - a potion of brilliance {unknown}
 j - a potion of curing {unknown}
 n - a potion of might {unknown}
 p - a potion of cancellation {unknown}
 r - 2 potions of ambrosia {unknown}
 v - a potion of stabbing {unknown}
 x - a potion of degeneration {unknown}
 G - a potion of heal wounds {unknown}
Comestibles
 c - 7 rations
 E - 3 chunks of flesh

Dungeon Overview and Level Annotations

Branches:
Dungeon (7/15)
 Temple: D:4-7

Altars:
Elyvilon
Gozag
Makhleb
Nemelex Xobeh
Ru
Trog
Yredelemnul

Annotations:
D:7 Menkaure

▒ ▒▒▒...
▒▒▒▒.......
+)FO.......
▒▒.▒Y▒▒....
▒.▒ ▒ ▒..
... ▒▒▒▒


You could see a two-headed ogre and a friendly ice beast.


Message History

Firing (i - inventory. (/) - cycle)
e - 243 stones (quivered)
Aim: a wight, wielding a +0 scimitar and wearing a cursed -2 robe (almost destroyed, umbra)
You shoot a stone. The stone hits the wight.
The stone burns the wight.
You destroy the wight!
The two-headed ogre hits your ice beast with a +0 giant spiked club!!
Unknown command.
Unknown command.
Your ice beast hits the two-headed ogre.
Your ice beast freezes the two-headed ogre!
Your ice beast completely misses the two-headed ogre.
The two-headed ogre hits your ice beast with a +0 giant club!
Your ice beast dies!
The frozen ramparts melt away.
Your ice beast hits the two-headed ogre but does no damage.
The walls around you are covered in ice.
Your ice beast hits the two-headed ogre.
Your ice beast freezes the two-headed ogre!
The wall freezes the two-headed ogre!
Unknown command.
Aiming: Freeze (safe; 1% risk of failure)
Aim: a two-headed ogre, wielding a +0 giant spiked club and a +0 giant club (severely wounded, umbra)
You freeze the two-headed ogre.
The two-headed ogre is severely wounded.
Your ice beast hits the two-headed ogre but does no damage.
The wall freezes the two-headed ogre!
The two-headed ogre hits you with a +0 giant spiked club!!
Ouch! That really hurt!
You die...

Action                   |  1- 3 |  4- 6 |  7- 9 || total
-------------------------+-------+-------+-------++-------
Melee: Unarmed           |     1 |       |       ||     1
       Club              |     7 |    10 |       ||    17
       Short sword       |       |    71 |       ||    71
 Fire: Hunting sling     |       |    33 |    75 ||   108
 Cast: Freeze            |    41 |    55 |    27 ||   123
       Frozen Ramparts   |     1 |     5 |     7 ||    13
       Ozocubu's Armour  |       |     5 |     4 ||     9
       Summon Ice Beast  |       |       |     4 ||     4
 Abil: Hop               |       |       |     1 ||     1
 Stab: Sleeping          |       |     4 |       ||     4
  Eat: Chunk             |     2 |     9 |     4 ||    15
Armor: Robe              |    14 |    42 |    13 ||    69
Dodge: Dodged            |    49 |   119 |    36 ||   204

Levels and vault maps discovered:
D:1:      scummos_arrival_simple_fountains, layout_loops_corners,
          minmay_pentomino_q2
D:2:      layout_loops_ring, nicolae_gozag_seed_capital,
          yredelemnul_forgotten_temple_becter, lemuel_round_altar
D:3:      layout_loops_ring, lemuel_crystal_altar, first_ration, serial_undead,
          serial_undead_c, serial_undead_f, serial_undead_b, serial_undead_d,
          serial_undead_e, serial_undead_c, serial_undead_b, serial_undead_f,
          trog_hazing_becter
D:4:      layout_loops_ring, nicolae_ru_great_annihilating_truth, uniq_ijyb,
          uniq_duvessa
D:5:      layout_loops_corners
D:6:      layout_basic, uniq_blork_the_orc
D:7:      layout_cave_pools, minmay_temple_entry_proselytizer,
          chequers_ossuary_entry_cave, serial_shops, kennysheep_little_box,
          minmay_ruined_shrine, uniq_menkaure

Notes
Turn   | Place    | Note
-------+----------+-------------------------------------------
     0 | D:1      | sanka the Barachi Ice Elementalist began the quest for the
                  | Orb.
     0 | D:1      | Reached XP level 1. HP: 13/13 MP: 3/3
   187 | D:1      | Reached XP level 2. HP: 19/19 MP: 2/5
   225 | D:1      | Reached skill level 3 in Spellcasting
   703 | D:1      | Reached XP level 3. HP: 24/24 MP: 1/8
   775 | D:1      | Learned a level 3 spell: Frozen Ramparts
   779 | D:1      | Learned a level 3 spell: Ozocubu's Armour
   850 | D:1      | Reached skill level 5 in Ice Magic
  1291 | D:2      | Reached XP level 4. HP: 30/30 MP: 6/9
  1454 | D:2      | Found a burning altar of Makhleb.
  1697 | D:2      | Found an opulent altar of Gozag.
  1805 | D:2      | Reached skill level 4 in Spellcasting
  1964 | D:2      | Found a basalt altar of Yredelemnul.
  2153 | D:3      | Reached skill level 6 in Ice Magic
  2159 | D:3      | Learned a level 4 spell: Summon Ice Beast
  2214 | D:3      | Found a sparkling altar of Nemelex Xobeh.
  2321 | D:3      | Reached XP level 5. HP: 23/35 MP: 3/11
  2510 | D:3      | Reached skill level 1 in Summonings
  2958 | D:3      | Found a bloodstained altar of Trog.
  3133 | D:4      | Reached skill level 2 in Summonings
  3133 | D:4      | Reached skill level 7 in Ice Magic
  3133 | D:4      | Reached XP level 6. HP: 41/41 MP: 6/12
  3160 | D:4      | Noticed Ijyb
  3168 | D:4      | Killed Ijyb
  3305 | D:4      | Noticed Duvessa
  3306 | D:4      | Noticed Dowan
  3312 | D:4      | Killed Dowan
  3314 | D:4      | Killed Duvessa
  3314 | D:4      | Reached skill level 3 in Summonings
  3419 | D:5      | Entered Level 5 of the Dungeon
  3630 | D:4      | Found the ring of Shadows {Umbra +Inv Stlth+}
  3642 | D:4      | Reached XP level 7. HP: 38/46 MP: 6/13
  3781 | D:4      | Reached skill level 8 in Ice Magic
  3846 | D:4      | Reached skill level 5 in Spellcasting
  3949 | D:4      | Found a sacrificial altar of Ru.
  4226 | D:5      | Reached skill level 9 in Ice Magic
  4422 | D:5      | Reached XP level 8. HP: 31/52 MP: 5/16
  4623 | D:7      | Found a white marble altar of Elyvilon.
  4681 | D:7      | Noticed Menkaure
  4688 | D:6      | HP: 4/52 [wight/+0 scimitar (5)]
  4688 | D:6      | Noticed a two-headed ogre
  4699 | D:6      | Annihilated by a two-headed ogre

Vanquished Creatures
  Duvessa (D:4)
  An ice beast (D:5)
  An ogre (D:4)
  2 bullfrogs
  Dowan (D:4)
  A wight (D:6)
  A crimson imp (D:5)
  An orc priest (D:4)
  A bullfrog skeleton (D:5)
  Ijyb (D:4)
  6 orc wizards
  A worker ant (D:4)
  A hound skeleton (D:3)
  3 gnolls (D:4)
  6 adders
  3 oozes
  An adder zombie (D:3)
  An adder skeleton (D:5)
  2 worms
  A dart slug (D:2)
  4 leopard geckos
  9 orcs
  A ball python (D:5)
  6 giant cockroaches
  11 goblins
  11 hobgoblins
  4 jackals (D:1)
  12 kobolds
  3 quokkas
  15 bats
  3 frilled lizards
  A giant cockroach zombie (D:3)
  2 leopard gecko skeletons
  A quokka zombie (D:3)
  3 rats
  A spectral orc (D:2)
123 creatures vanquished.

Vanquished Creatures (collateral kills)
  A killer bee zombie (D:6)
1 creature vanquished.

Grand Total: 124 creatures vanquished
